[Event "Live Chess"]
[Site "Chess.com"]
[Date "2018.01.11"]
[White "Arugamama"]
[Black "Rakesh111"]
[Result "1-0"]
[ECO "B23"]
[WhiteElo "1848"]
[BlackElo "1788"]
[TimeControl "1800"]
[EndTime "1:56:52 PST"]
[Termination "Arugamama won by checkmate"]
[CurrentPosition "6Rk/8/5N2/8/7p/5NP1/7K/8 b - - 1 47"]

1.e4 c5 2.Nc3 b6 3.Nf3 Bb7 4.d4 cxd4 5.Nxd4 e6 6.Bd3 a6 7.O-O Qf6 8.Nf3 h6 9.Re1 g5 10.Be3 Bc5 11.Bxc5 bxc5 12.Qe2 Nc6 13.e5 Qe7 14.a3 g4 15.Nd2 h5 16.Nc4 Rb8 17.Nd6+ Kf8 18.Bxa6 Bxa6 19.Qxa6 Rxb2 20.Qd3 Nd4 21.Rac1 Qg5 22.Qe3 Qxe3 23.fxe3 Nxc2 24.Re2 Rb3 25.Rexc2 Rxa3 26.Ra2 Rb3 27.Ra8+ Kg7 28.Nce4 Rxe3 29.Rf1 Nh6 30.Rxh8 Kxh8 31.Nxc5 Rxe5 32.Nxd7 Rd5 33.Nxf7+ Kg7 34.Nfe5 Nf5 35.Rb1 g3 36.hxg3 Nxg3 37.Rb6 Ne2+ 38.Kh2 Rd4 39.g3 Rd2 40.Kh3 Rd1 41.Rxe6 Nd4 42.Rd6 Rd2 43.Rg6+ Kh8 44.Nf6 Rh2+ 45.Kxh2 Nf3+ 46.Nxf3 h4 47.Rg8# 1-0